 Dungeon Crawl Stone Soup version 0.25-a0-690-g234afa57d4 (webtiles) character file.

Game seed: 8145452916506791786, levelgen mode: deterministic

123 kae the Ruffian (level 4, 0/35 HPs)
             Began as a Draconian Transmuter on Mar 30, 2020.
             Slain by an orc
             ... wielding a +0 whip
              (4 damage)
             ... on level 4 of the Dungeon.
             The game lasted 00:01:06 (1439 turns).

kae the Ruffian (Draconian Transmuter)              Turns: 1439, Time: 00:01:07

Health: 0/35       AC:  2    Str: 13    XL:     4   Next: 79%
Magic:  2/8        EV: 19    Int: 14    God:
Gold:   20         SH:  0    Dex: 16    Spells: 2/8 levels left

rFire    . . .     SeeInvis .     - Unarmed
rCold    . . .     Gourm    .   (shield currently unavailable)
rNeg     . . .     Faith    .   (armour unavailable)
rPois    x         Spirit   .   (helmet currently unavailable)
rElec    .         Reflect  .   (cloak currently unavailable)
rCorr    .         Harm     .   (gloves currently unavailable)
MR       .....                  (boots currently unavailable)
Stlth    +.........             (no amulet)
HPRegen  0.11/turn              (no ring)
MPRegen  0.11/turn              (no ring)

@: spider-form (expiring), very slightly contaminated
A: tiny, unfitting armour, AC +5
a: End Transformation


You were on level 4 of the Dungeon.
You were not hungry.
You were a venomous arachnid creature.
You visited 1 branch of the dungeon, and saw 4 of its levels.

You collected 20 gold pieces.

Inventory:

Missiles
 a - 33 arrows
Jewellery
 j - an uncursed ring of fire {unknown}
Scrolls
 b - 2 scrolls of fog {unknown}
 d - a scroll of remove curse {unknown}
 e - a scroll of amnesia {unknown}
 h - a scroll of enchant weapon {unknown}
 i - a scroll of random uselessness {unknown}
 k - a scroll of identify {unknown}
 l - a scroll of magic mapping {unknown}
Potions
 f - a potion of degeneration {unknown}
 g - 3 potions of curing {unknown}
 m - a potion of berserk rage {unknown}
Comestibles
 c - 4 rations
 n - a chunk of flesh


   Skills:
 - Level 1.1 Fighting
 - Level 1.7 Dodging
 * Level 4.4 Unarmed Combat
 + Level 2.9 Spellcasting
 + Level 3.0 Transmutations


You had 2 spell levels left.
You knew the following spells:

 Your Spells              Type           Power        Failure   Level  Hunger
a - Beastly Appendage     Tmut           ##....       17%         1    #......
b - Sticks to Snakes      Tmut           ##......     24%         2    ##.....
c - Spider Form           Tmut/Pois      #.........   56%         3    ###....

Your spell library contained the following spells:

 Spells                   Type           Power        Failure   Level  Hunger
 Ice Form                 Ice/Tmut       #.......     89%         4    #####..
 Blade Hands              Tmut           ##........   95%         5    ######.


Dungeon Overview and Level Annotations

Branches:
Dungeon (2/15)

Altars:


Innate Abilities, Weirdness & Mutations

((Your plain brown scales are hard. (AC +5)))
You cannot fit into any form of body armour.
((You are cold-blooded and may be slowed by cold attacks.))


Message History

You hit the orc priest but do no damage.
The orc priest is poisoned.
Your transformation is almost over.
The orc closely misses you.
The orc wizard mumbles some strange words.
The orc wizard blinks!
The orc wizard gestures at you while chanting.
The puff of flame hits you!
The orc priest mumbles some strange prayers to Beogh against you.
Beogh smites you!
* * * LOW HITPOINT WARNING * * *
You hit the orc priest.
The orc priest is moderately wounded.
The orc misses you. The orc wizard closely misses you.
The orc priest hits you with a +0 mace.
* * * LOW HITPOINT WARNING * * *
You barely miss the orc priest.
The orc priest is heavily wounded.
The orc hits you with a +0 whip.
You die...

#. ##..
############..!.
###...............
##.................
#................ยง.
#......>....o......
#..........so......
#..........o.......
#........#....####
#......####...#
#.....## #..#
#.....# ..# ##.....#
..# #.....## ..#
#.....#


You could see an orc priest, an orc wizard and an orc.

Vanquished Creatures
  Terence (D:2)
  An orc wizard (D:3)
  A gnoll (D:1)
  2 adders
  An ooze (D:1)
  A worm (D:2)
  2 dart slugs
  4 orcs
  4 bats
  2 goblins
  3 hobgoblins
  4 frilled lizards
  5 kobolds
  5 rats
36 creatures vanquished.

Notes
Turn   | Place    | Note
-------+----------+-------------------------------------------
     0 | D:1      | kae the Draconian Transmuter began the quest for the Orb.
     0 | D:1      | Reached XP level 1. HP: 16/16 MP: 3/3
    98 | D:1      | Reached XP level 2. HP: 5/23 MP: 3/5
   148 | D:1      | Learned a level 2 spell: Sticks to Snakes
   521 | D:1      | Reached XP level 3. HP: 28/28 MP: 4/6
   714 | D:2      | Learned a level 3 spell: Spider Form
   767 | D:2      | Noticed Terence
   793 | D:2      | Killed Terence
   793 | D:2      | Reached skill level 4 in Unarmed Combat
   793 | D:2      | Reached XP level 4. HP: 20/35 MP: 3/7
  1203 | D:2      | You fall into a shaft and drop 1 floor!
  1402 | D:3      | You fall into a shaft and drop 1 floor!
  1439 | D:4      | Slain by an orc

Levels and vault maps discovered:
D:1:      wander_arrival_peaceful_grave, layout_rooms
D:2:      layout_loops_ring, gammafunk_temple_overflow_forgotten, uniq_terence,
          uniq_robin
D:3:      layout_loops_cross, marbit_many_paths
D:4:      layout_layer_cave

Skill      XL: |  1  2  3  4 |
---------------+-------------+-----
Unarmed Combat | 4 |  4.4
Transmutations | 3 |  3.0
Fighting       | |  1.1
Dodging        | |  1.7
Spellcasting   | |  2.9

Action                   |  1- 3 |  4- 6 || total
-------------------------+-------+-------++-------
Melee: Unarmed           |    73 |    45 ||   118
       Headbutt          |     8 |       ||     8
       Tailslap          |     4 |     4 ||     8
       Kick              |     4 |       ||     4
       Punch             |     1 |       ||     1
 Cast: Beastly Appendage |    13 |     1 ||    14
       Spider Form       |     1 |     2 ||     3
  Use: Potion            |       |     1 ||     1
  Eat: Chunk             |       |     2 ||     2
Armor: Skin              |    13 |    27 ||    40
Dodge: Dodged            |    49 |    26 ||    75

Table legend:
 A = Non-vault XP
 B = Vault XP
 C = Vault XP percentage of total XP
 D = Non-vault monster count
 E = Vault monster count
 F = Vault count percentage of total count
                 A         B        C        D         E       F
            +---------+---------+-------+---------+---------+-------
      Total |     140 |      36 |  20.5 |      35 |       1 |   2.8
            +---------+---------+-------+---------+---------+-------
        D:1 |      45 |       0 |   0.0 |      17 |       0 |   0.0
        D:2 |      29 |      36 |  55.4 |       8 |       1 |  11.1
        D:3 |      63 |       0 |   0.0 |       9 |       0 |   0.0
        D:4 |       3 |       0 |   0.0 |       1 |       0 |   0.0
            +---------+---------+-------+---------+---------+-------
